 Dungeon Crawl Stone Soup version 0.29-a0-284-gf9362112df (webtiles) character file.

Game seed: 2917097401041022902

4456 Strat the Carver (level 10, 0/76 HPs)
             Began as a Barachi Abyssal Knight on Mar 18, 2022.
             Was a High Priest of Lugonu.
             Slain by a centaur warrior
             ... wielding a +1 vorpal hand crossbow
              (1 damage)
             ... on level 8 of the Dungeon.
             The game lasted 00:21:05 (12167 turns).

Strat the Carver (Barachi Abyssal Knight)          Turns: 12167, Time: 00:21:06

Health: 0/76       AC: 17    Str: 20    XL:     10   Next: 37%
Magic:  16/17      EV:  8    Int: 10    God:    Lugonu [*****.]
Gold:   550        SH:  5    Dex: 12    Spells: 9/9 levels left

rFire   . . .      SeeInvis .   a - +2 falchion
rCold   + . .      Faith    .   (no shield)
rNeg    + + .      Spirit   .   r - +3 chain mail {rC+}
rPois   .          Reflect  +   q - +1 helmet
rElec   +          Harm     .   y - +0 cloak {rCorr}
rCorr   +          Rampage  .   h - +0 pair of gloves of Cloud Cover {+Blink rElec rN+}
Will    +....                   (no boots)
Stlth   ..........              C - amulet of reflection
HPRegen 0.22/turn               k - ring of willpower
MPRegen 0.15/turn               o - ring of positive energy

@: mighty, invisible, slow
A: amphibious, slowness 1, strong legs 1, +LOS
a: Hop, Renounce Religion, Evoke Blink, Depart the Abyss, Bend Space, Banish,
Corrupt, Enter the Abyss


You were on level 8 of the Dungeon.
You worshipped Lugonu.
Lugonu was extremely pleased with you.
You visited 1 branch of the dungeon, and saw 8 of its levels.
You visited the Abyss 1 time.
You also visited: Ossuary.

You collected 550 gold pieces.

Inventory:

Hand Weapons
 a - a +2 falchion (weapon)
 b - a +0 hunting sling
Missiles
 e - 246 stones (quivered)
 v - a curare-tipped dart
 G - 23 poisoned darts
Armour
 h - the +0 pair of gloves of Cloud Cover (worn) {+Blink rElec rN+}
   (You acquired it on level 2 of the Dungeon)

   rElec:     It insulates you from electricity.
   rN:        It protects you from negative energy.
   +Blink:    It lets you blink.
 q - a +1 helmet (worn)
 r - a +3 chain mail of cold resistance (worn)
 t - a +0 cloak
 y - a +0 cloak of preservation (worn)
Jewellery
 k - a ring of willpower (left hand)
 o - a ring of positive energy (right hand)
 s - a ring of flight
 u - an amulet of faith
 C - an amulet of reflection (around neck)
Wands
 c - a wand of iceblast (3)
 l - a wand of flame (17)
 D - a wand of polymorph (4)
 H - a wand of charming (1)
Scrolls
 w - a scroll of enchant armour
 E - a scroll of amnesia
 I - a scroll of summoning
 J - 2 scrolls of identify
 K - a scroll of enchant weapon
Potions
 d - 2 potions of lignification
 g - a potion of might
 i - 2 potions of mutation
 j - 4 potions of berserk rage {unknown}
 n - 2 potions of resistance {unknown}
 p - a potion of flight {unknown}
 x - 2 potions of haste {unknown}
 z - a potion of heal wounds {unknown}
 A - 2 potions of curing
 B - a potion of attraction {unknown}
 F - a potion of magic {unknown}


   Skills:
 - Level 6.0 Fighting
 + Level 11.5 Long Blades
 - Level 5.0 Armour
 - Level 1.1 Dodging
 + Level 9.5 Invocations


You had 9 spell levels left.
You didn't know any spells.
Your spell library contained the following spells:

 Spells                   Type           Power      Damage    Failure   Level
 Summon Small Mammal      Summ           0%         N/A       98%         1
 Call Canine Familiar     Summ           0%         N/A       100%        3
 Ignite Poison            Fire/Tmut/Pois 0%         N/A       100%        3
 Summon Guardian Golem    Hex/Summ       0%         N/A       100%        3
 Flame Wave               Conj/Fire      0%         2d4       100%        4
 Summon Ice Beast         Ice/Summ       0%         N/A       100%        4
 Summon Forest            Summ/Tloc      0%         N/A       100%        5
 Summon Mana Viper        Hex/Summ       0%         N/A       100%        5
 Summon Cactus Giant      Summ           0%         N/A       100%        6
 Polar Vortex             Ice            0%         N/A       100%        9


Dungeon Overview and Level Annotations

Branches:
Dungeon (8/15)             Temple (0/1) D:6         Ossuary (visited)
   Lair: D:8-11

Altars:
Cheibriados
Fedhas
Kikubaaqudgha
Okawaru
Trog
Uskayaw
Zin
The Shining One

Shops:
D:8 [

Annotations:
D:3 Sigmund
D:4 1 runed translucent door, Cecur's ghost, amateur FoFi; Dowan; Duvessa


Innate Abilities, Weirdness & Mutations

You are amphibious.
You cover ground slowly.
You can hop short distances.
You have an extended range of vision and can be seen from far away.


Message History

You fade into invisibility!
The centaur warrior shoots a bolt.
The bolt hits you but does no damage.
The centaur warrior shoots a bolt.
The bolt barely misses you.
The centaur warrior shoots a bolt.
The bolt hits you.
* * * LOW HITPOINT WARNING * * *
x2 The centaur warrior shoots a bolt.
The bolt hits you!
* * * LOW HITPOINT WARNING * * *
x2 The centaur warrior shoots a bolt.
The bolt hits you!
* * * LOW HITPOINT WARNING * * *
x2 The centaur warrior hits you with a +1 vorpal hand crossbow!
* * * LOW HITPOINT WARNING * * *
The centaur warrior kicks you but does no damage.
The centaur warrior barely misses you. You block the centaur warrior's attack.
You feel better.
The centaur warrior hits you with a +1 vorpal hand crossbow.
* * * LOW HITPOINT WARNING * * *
The centaur warrior kicks you but does no damage.
You feel very mighty all of a sudden.
The centaur warrior hits you with a +1 vorpal hand crossbow!
* * * LOW HITPOINT WARNING * * *
The centaur warrior kicks you but does no damage.
The centaur warrior closely misses you. You block the centaur warrior's attack.
The deep elf pyromancer gestures wildly while chanting.
The deep elf pyromancer blinks!
You strike the helpless deep elf pyromancer from behind!
You slash the deep elf pyromancer!
The deep elf pyromancer is almost dead.
You slice the deep elf pyromancer!!
You kill the deep elf pyromancer!
Lugonu accepts your kill.
The centaur warrior shoots a bolt.
You reflect the bolt off an invisible shield around you!
The bolt hits the centaur warrior!!
The centaur warrior hits you with a +1 vorpal hand crossbow!
* * * LOW HITPOINT WARNING * * *
The centaur warrior kicks you.
* * * LOW HITPOINT WARNING * * *
The centaur warrior hits you but does no damage.
The centaur warrior kicks you.
You die...

####### #.....# #.....# #.....#
#.....# ### #.....# ..#
######.....######## ..#
####...)......#....... ..#
#....@........#....... ..# ###
#.#.c####.....#.......
..###.######...## #######.......
.........#^...###### #.....>....
.))................# ##.###.#####
.)).......#........###..# #.#
###..#.............##..## #.#
.......c###...........#####.#
#####...#........)........#.#####


You could see a centaur warrior (can't see you).

Vanquished Creatures
  A deep elf pyromancer (D:8)
  A troll (D:8)
  Prince Ribbit (D:8)
  Eustachio (D:6)
  Menkaure (D:6)
  An acid dragon (D:8)
  A water moccasin (D:7)
  2 orc warriors
  2 ice beasts (D:6)
  A sky beast (D:7)
  3 black bears
  2 ogres
  2 wolves (D:8)
  A centaur (D:8)
  A phantom (D:4)
  4 kobold brigands
  2 bullfrogs
  4 necrophages
  2 scorpions (D:6)
  A howler monkey (D:5)
  3 jellies
  5 orc priests
  3 hounds
  Crazy Yiuf (D:6)
  Jessica (D:3)
  3 iguanas
  An orc wizard (D:8)
  Ijyb (D:3)
  3 mummies (Ossuary)
  10 gnolls
  6 adders
  2 shadow imps
  5 white imps
  2 ufetubi (D:6)
  A worm (D:2)
  2 dart slugs
  18 orcs
  5 ball pythons
  8 bats
  12 endoplasms
  3 giant cockroaches
  5 goblins
  5 hobgoblins
  20 kobolds
  4 quokkas
  7 frilled lizards
  3 goblin zombies (Ossuary)
  3 hobgoblin zombies (Ossuary)
  2 kobold zombies (Ossuary)
  2 orc zombies (Ossuary)
  4 quokka zombies (Ossuary)
  3 rats
  4 rat zombies (Ossuary)
191 creatures vanquished.

Vanquished Creatures (collateral kills)
  A vampire mosquito (D:8)
  Grum (D:8)
  A wolf (D:8)
3 creatures vanquished.

Vanquished Creatures (others)
  2 fungi (D:6)
  3 plants (D:8)
5 creatures vanquished.

Grand Total: 199 creatures vanquished

Notes
Turn   | Place    | Note
-------+----------+-------------------------------------------
     0 | Abyss:1  | Strat the Barachi Abyssal Knight began the quest for the
                  | Orb.
     0 | Abyss:1  | Reached XP level 1. HP: 18/18 MP: 2/2
     5 | Abyss:1  | Found a shimmering altar of Xom.
    24 | D:1      | Escaped the Abyss
   206 | D:1      | Reached skill level 3 in Long Blades
   226 | D:1      | Reached XP level 2. HP: 23/24 MP: 3/3
   647 | D:1      | Reached skill level 4 in Long Blades
   882 | D:1      | Reached XP level 3. HP: 29/29 MP: 4/4
  1484 | D:2      | Found a faded altar of an unknown god.
  1488 | D:2      | Reached *** piety under Lugonu
  1671 | D:2      | Identified a scroll of acquirement
  1671 | D:2      | Acquired the +0 pair of gloves of Cloud Cover {+Blink rElec
                  | rN+}
  1704 | D:2      | Found a glowing golden altar of the Shining One.
  1834 | D:2      | Reached skill level 5 in Long Blades
  1883 | D:2      | Reached XP level 4. HP: 36/36 MP: 5/5
  2524 | D:3      | You fall into a shaft and drop 2 floors!
  2524 | D:5      | Entered Level 5 of the Dungeon
  2545 | D:4      | Found a runed translucent door.
  2589 | D:4      | Reached skill level 6 in Long Blades
  2589 | D:4      | Reached XP level 5. HP: 41/41 MP: 6/6
  2636 | D:4      | Noticed Cecur's ghost (amateur FoFi)
  2964 | D:4      | Noticed Dowan
  2964 | D:4      | Noticed Duvessa
  3040 | D:3      | Noticed Jessica
  3113 | D:3      | Noticed Ijyb
  3256 | D:3      | Killed Ijyb
  3604 | D:3      | Reached XP level 6. HP: 28/47 MP: 7/7
  3971 | D:3      | Killed Jessica
  4104 | D:3      | Reached skill level 7 in Long Blades
  4144 | D:3      | Found an ancient bone altar of Kikubaaqudgha.
  4191 | D:3      | Identified the +7 flail of Havoc {vorpal, *Noise rPois
                  | Will+++ Stlth+}
  4291 | D:3      | Found a hide-covered altar of Uskayaw.
  4316 | D:3      | Noticed Sigmund
  5057 | D:4      | Reached XP level 7. HP: 48/52 MP: 9/9
  5668 | D:4      | Reached **** piety under Lugonu
  5819 | D:4      | Found a glowing silver altar of Zin.
  5824 | D:4      | Found a bloodstained altar of Trog.
  6010 | D:4      | Reached skill level 8 in Long Blades
  6403 | D:5      | Found an iron altar of Okawaru.
  6750 | D:5      | Reached skill level 5 in Invocations
  6750 | D:5      | Reached XP level 8. HP: 53/59 MP: 11/11
  6805 | D:5      | Reached skill level 9 in Long Blades
  8233 | D:6      | Noticed Eustachio
  8671 | D:6      | Noticed Menkaure
  8689 | D:6      | Killed Menkaure
  8690 | D:6      | Reached skill level 10 in Long Blades
  8690 | D:6      | Reached skill level 5 in Armour
  8870 | D:6      | Reached XP level 9. HP: 61/64 MP: 13/13
  9180 | D:5      | Noticed a rust devil
  9180 | D:5      | Noticed a rust devil
  9261 | D:6      | Found a staircase to the Ecumenical Temple.
  9309 | D:6      | Found a runed translucent door.
  9310 | D:6      | Noticed Crazy Yiuf
  9394 | D:6      | Killed Crazy Yiuf
  9475 | D:6      | Killed Eustachio
 10715 | D:8      | Noticed Prince Ribbit
 10731 | D:8      | Killed Prince Ribbit
 10735 | D:8      | Found a sand-covered staircase.
 10740 | Ossuary  | Entered an ossuary
 11054 | D:8      | Found a blossoming altar of Fedhas.
 11205 | D:8      | Reached skill level 5 in Fighting
 11501 | D:8      | Noticed Grum
 11648 | D:8      | Noticed a troll
 11661 | D:8      | Killed a troll
 11662 | D:8      | Reached XP level 10. HP: 60/74 MP: 16/16
 11700 | D:8      | Noticed a cyclops
 11814 | D:8      | Killed Grum
 11826 | D:8      | Reached skill level 11 in Long Blades
 11984 | D:8      | Got the Guide on Fire and the Frostbite
 12020 | D:8      | Reached ***** piety under Lugonu
 12062 | D:8      | Found a snail-covered altar of Cheibriados.
 12106 | D:8      | Found Cheibriados's Comfort Zone.
 12150 | D:8      | Noticed a deep elf pyromancer
 12151 | D:8      | Noticed a centaur warrior
 12166 | D:8      | Killed a deep elf pyromancer
 12167 | D:8      | HP: 3/76 [centaur warrior/+1 vorpal hand crossbow (10)]
 12167 | D:8      | HP: 1/76 [centaur warrior/+1 vorpal hand crossbow (2)]
 12167 | D:8      | Slain by a centaur warrior

Illustrated notes

Levels and vault maps discovered:
D:1:      saegor_arrival_simple_b, layout_basic
D:2:      layout_loops_ring, basic_altar, basic_ecumenical_altar,
          hangedman_decor_growths
D:3:      layout_loops_ring, nicolae_uskayaw_suspiria,
          lemuel_coloured_pillars_altar, kennysheep_crisscross, uniq_jessica,
          uniq_sigmund, uniq_ijyb
D:4:      layout_loops_corners, minitemple, ebering_ghost_sewer_d,
          grunt_ministairs_12, minmay_starry_boxes, uniq_duvessa
D:5:      cheibrodos_iron_armory, layout_layer_cave,
          mainiacjoe_overflow_small_starburst
D:6:      layout_gridville, minmay_temple_entry_trees, uniq_eustachio,
          uniq_menkaure, uniq_crazy_yiuf_cottage
D:7:      layout_basic
D:8:      nzn_winding_woodlands_small [nzn_winding_woodlands_5x15_cabin,
          nzn_winding_woodlands_center_triple_pond,
          nzn_winding_woodlands_5x15_lazy_stream], layout_rooms,
          mainiacjoe_overflow_catwalk, nicolae_ossuary_entry_ruins,
          minmay_shop_chei, minmay_crystal_water, chequers_avenue,
          uniq_prince_ribbit1, uniq_grum

Skill      XL: |  1  2  3  4  5  6  7  8  9 10 |
---------------+-------------------------------+-----
Long Blades    | 3 4 5 6 7 8 10 11 | 11.5
Invocations    | 2 3 5 6 9 |  9.5
Armour         | 5 |  5.0
Fighting       | 5 6 |  6.0
Dodging        | |  1.1

Action                   |  1- 3 |  4- 6 |  7- 9 | 10-12 || total
-------------------------+-------+-------+-------+-------++-------
Melee: Falchion          |    78 |   143 |   563 |    72 ||   856
       Punch             |     1 |       |    10 |     2 ||    13
 Fire: Hunting sling     |    36 |    94 |   106 |       ||   236
 Abil: Hop               |       |     1 |     3 |       ||     4
Evoke: Wand              |       |       |    11 |     4 ||    15
  Use: Scroll            |     7 |     2 |     8 |     1 ||    18
       Potion            |       |     3 |     2 |     3 ||     8
 Stab: Invisible         |       |       |       |     1 ||     1
Armor: Leather armour    |    51 |    10 |       |       ||    61
       Ring mail         |       |    21 |       |       ||    21
       Chain mail        |       |    49 |   389 |    44 ||   482
       Skin              |       |       |    12 |       ||    12
Dodge: Dodged            |    52 |    78 |   216 |    28 ||   374
Block: Other             |       |       |    37 |    24 ||    61
       Reflection        |       |       |       |     2 ||     2

Table legend: (Time is in decaauts)
 A = Elapsed time spent in this place.
 B = Non-inter-level travel time spent in this place.
 C = Inter-level travel time spent in this place.
 D = Time resting spent in this place.
 E = Time spent auto-exploring this place.
 F = Levels seen in this place.
 G = Mean time per level.
                   A        B        C        D        E       F      G
               +--------+--------+--------+--------+--------+-----+--------+
         Total |  13361 |  12687 |    674 |   3846 |   6010 |  10 | 1336.1 |
       Dungeon |  13023 |  12349 |    674 |   3752 |   5908 |   8 | 1627.9 |
         Abyss |     28 |     28 |      0 |      0 |      0 |   1 |   28.0 |
       Ossuary |    308 |    308 |      0 |     94 |    102 |   1 |  308.0 |
               +--------+--------+--------+--------+--------+-----+--------+

Top non-repeatable levels by time:
     D:5: 2272 daAuts
     D:4: 2002 daAuts
     D:3: 1754 daAuts
     D:2: 1662 daAuts
     D:6: 1517 daAuts
     D:1: 1444 daAuts
     D:7: 1185 daAuts
     D:8: 1183 daAuts
 Ossuary: 308 daAuts
 Abyss:1: 28 daAuts
